 Dungeon Crawl Stone Soup version 0.19-a0-526-gbe2e51c (webtiles) character file.

100 tyrsky the Conjurer (level 4, -1/24 HPs)
             Began as a Tengu Conjurer on June 7, 2016.
             Slain by a hobgoblin (4 damage)
             ... on level 3 of the Dungeon.
             The game lasted 00:06:03 (2112 turns).

tyrsky the Conjurer (Tengu Conjurer)                Turns: 2112, Time: 00:06:03

Health: -1/24      AC:  2    Str:  9    XL:     4   Next: 73%
Magic:  1/10       EV: 13    Int: 15    God:
Gold:   155        SH:  0    Dex: 15    Spells: 2 memorised, 4 levels left

rFire  . . .     SeeInvis .     (no weapon)
rCold  . . .     Gourm    .     a - +0 robe
rNeg   . . .     Faith    .     (no shield)
rPois  .         Spirit   .     (helmet restricted)
rElec  .         Dismiss  .     (no cloak)
rCorr  .         Reflect  .     (no gloves)
SustAt .         Harm     .     (boots unavailable)
MR     .....                    (no amulet)
Stlth  ++........               (no ring)
                                (no ring)

@: not resistant to hostile enchantments, unstealthy
A: beak, talons 3
a: no special abilities


You were on level 3 of the Dungeon.
You were very hungry.

You visited 1 branch of the dungeon, and saw 3 of its levels.

You collected 155 gold pieces.

Inventory:

Armour
 a - a +0 robe (worn)
Scrolls
 e - a scroll of fog {unknown}
 g - a scroll of enchant armour
 h - a scroll of magic mapping
 n - a scroll of immolation
Potions
 j - 2 potions of curing
 m - a potion of brilliance
 o - a potion of invisibility
Books
 b - a book of Conjurations

   Spells                             Type                      Level
   a - Magic Dart                     Conjuration                  1
   b - Searing Ray                    Conjuration                  2
   c - Dazzling Spray                 Conjuration/Hexes            3
   d - Fulminant Prism                Conjuration/Hexes            4
   e - Iskenderun's Mystic Blast      Conjuration                  4
   f - Iskenderun's Battlesphere      Conjuration/Charms           5
Comestibles
 c - 3 bread rations
 d - 4 fruits
 f - a meat ration


   Skills:
 - Level 2.1 Dodging
 - Level 2.0 Stealth
 + Level 3.3 Spellcasting
 + Level 6.5 Conjurations
 + Level 0.4 Hexes


You had 4 spell levels left.
You knew the following spells:

 Your Spells              Type           Power        Failure   Level  Hunger
a - Magic Dart            Conj           ###.         1%          1    None
b - Fulminant Prism       Conj/Hex       ##........   54%         4    ####...


Dungeon Overview and Level Annotations

Branches:
Dungeon (3/15)

Altars:
Ashenzari


Innate Abilities, Weirdness & Mutations

You have a beak for a mouth.
You have claws for feet.


Message History

A hobgoblin and a dart slug come into view.
The bat hits you but does no damage.
Casting: Magic Dart
Confirm with . or Enter, or press ? or * to list all spells.
Aiming: Magic Dart
Press: ? - help, Shift-Dir - straight line, f/p - bat
Aim: a bat The magic dart hits the bat.
You kill the bat!
The hobgoblin shouts!
You hit the hobgoblin.
The hobgoblin is moderately wounded.
The dart slug launches a dart at you. The slug dart hits you!
* * * LOW HITPOINT WARNING * * *
The hobgoblin misses you. The hobgoblin hits you.
* * * LOW HITPOINT WARNING * * *
The hobgoblin hits you.
You die...

#.### #.#.. .# ..#.#.
#..#.#.# ..#.. #......##
#.... .. #.#.#.#. ....#..#
########......# ###...#.#
#.....##..#.#.######.......##
#.....#..#.†...gQ...........#
#.....#.##..#........<..#
#.....#.#..##.......)...#
#.....#.#.###...........#
......#...# #####w#####.#
......#..## ..... ...
#........# ... .... .....
##...#...####.. .... .###...
##............ .... .# ..


You could see a dart slug and a hobgoblin.

Vanquished Creatures
  3 adders (D:2)
  A shadow imp (D:3)
  An ooze (D:2)
  A dart slug (D:2)
  2 worms (D:2)
  An orc (D:3)
  7 bats
  A giant cockroach (D:3)
  9 goblins
  6 hobgoblins
  5 jackals (D:2)
  7 kobolds
  2 quokkas (D:2)
  A ball python (D:2)
  5 rats
52 creatures vanquished.

Vanquished Creatures (others)
  A giant gecko (D:1)
  A bat (D:1)
2 creatures vanquished.

Grand Total: 54 creatures vanquished

Notes
Turn   | Place    | Note
--------------------------------------------------------------
     0 | D:1      | tyrsky the Tengu Conjurer began the quest for the Orb.
     0 | D:1      | Reached XP level 1. HP: 10/10 MP: 4/4
   113 | D:1      | Reached XP level 2. HP: 15/15 MP: 1/6
   751 | D:2      | Reached XP level 3. HP: 10/19 MP: 0/8
   978 | D:2      | Reached skill level 6 in Conjurations
  1341 | D:2      | Reached XP level 4. HP: 24/24 MP: 7/9
  1351 | D:2      | Learned a level 4 spell: Fulminant Prism
  1728 | D:2      | Found a shattered altar of Ashenzari.
  2112 | D:3      | Slain by a hobgoblin

Vault maps used:
D:1:      dpeg_arrival_tiny_e, lemuel_old_faithful
D:2:      lemuel_round_altar, ashenzari_conservatory_becter
D:3:      bloody_trog, grunt_temple_overflow_cloverleaf, hex_tiny,
          hangedman_feature_mirror

Skill      XL: |  1  2  3 |
---------------+----------+-----
Conjurations   | 6 |  6.5
Spellcasting   | 3 |  3.3
Dodging        | |  2.1
Stealth        | |  2.0
Hexes          | |  0.4

Action                   |  1- 3 |  4- 6 || total
-------------------------+-------+-------++-------
Melee: Unarmed           |    10 |    14 ||    24
       Peck              |     3 |     1 ||     4
       Kick              |     3 |     2 ||     5
 Cast: Magic Dart        |    67 |    69 ||   136
  Use: Scroll            |       |     9 ||     9
  Eat: Chunk             |     2 |     1 ||     3
Armor: Robe              |     2 |     7 ||     9
Dodge: Dodged            |     5 |    22 ||    27
